 Dungeon Crawl Stone Soup version 0.29.1-15-g9cfb28693d (webtiles) character file.

Game seed: 15279379536106196666

3 croobank the Caller (level 1, -1/14 HPs)
             Began as a Demigod Summoner on Apr 30, 2023.
             Slain by a jackal (2 damage)
             ... on level 1 of the Dungeon.
             The game lasted 00:02:26 (154 turns).

croobank the Caller (Demigod Summoner)               Turns: 154, Time: 00:02:26

Health: -1/14      AC:  2    Str:  9    XL:     1   Next: 33%
Magic:  4/5        EV: 12    Int: 17    God:
Gold:   37         SH:  0    Dex: 14    Spells: 2/3 levels left

rFire   . . .      SeeInvis .   e - +0 dagger
rCold   . . .      Faith    .   (no shield)
rNeg    . . .      Spirit   .   a - +0 robe
rPois   .          Reflect  .   (no helmet)
rElec   .          Harm     .   (no cloak)
rCorr   .          Rampage  .   (no gloves)
Will    .....                   (no boots)
Stlth   ++........              (no amulet)
HPRegen 0.04/turn               (no ring)
MPRegen 0.09/turn               (no ring)

@: very slightly contaminated
A: high MP 1, forlorn, divine attributes
a: no special abilities


You were on level 1 of the Dungeon.
You visited 1 branch of the dungeon, and saw 1 of its levels.

You collected 37 gold pieces.

Inventory:

Hand Weapons
 e - a +0 dagger (weapon)
Armour
 a - a +0 robe (worn)
Scrolls
 c - 2 scrolls of butterflies {unknown}
 d - a scroll of identify {unknown}
Potions
 f - a potion of mutation {unknown}


   Skills:
 + Level 0.1 Fighting
 + Level 1.8 Dodging
 + Level 1.8 Stealth
 + Level 1.8 Spellcasting
 + Level 3.6 Summonings


You had 2 spell levels left.
You knew the following spells:

 Your Spells              Type           Power      Damage    Failure   Level
a - Summon Small Mammal   Summ           52%        N/A       4%          1

Your spell library contained the following spells:

 Spells                   Type           Power      Damage    Failure   Level
 Call Imp                 Summ           13%        N/A       7%          2
 Call Canine Familiar     Summ           13%        N/A       13%         3
 Summon Guardian Golem    Hex/Summ       7%         N/A       28%         3
 Summon Lightning Spire   Summ/Air       7%         N/A       67%         4


Dungeon Overview and Level Annotations

Branches:
Dungeon (1/15)


Innate Abilities, Weirdness & Mutations

You have an increased reservoir of magic. (+10% MP)
You shall have no god before yourself.
Your divine heritage dramatically boosts your attributes as you level up.


Message History

You hit the jackal but do no damage.
The jackal is moderately wounded.
Your bat hits the jackal.
The jackal bites you but does no damage.
The jackal closely misses your bat. The ball python completely misses you.
The ball python grabs you. The ball python constricts you.
Casting: Summon Small Mammal (safe; 4% risk of failure)
Confirm with . or Enter, or press ? or * to list all spells.
Your bat hits the jackal. The jackal bites your bat.
Your bat dies!
Your bat's corpse disappears in a puff of smoke!
The jackal bites you. The ball python bites you.
* * * LOW HITPOINT WARNING * * *
The ball python constricts you.
You escape the ball python's grasp.
You swap places.
The jackal closely misses your quokka.
Your quokka bites the ball python.
Okay, then.
Casting: Summon Small Mammal (safe; 4% risk of failure)
Confirm with . or Enter, or press ? or * to list all spells.
You miscast Summon Small Mammal.
You are very lightly contaminated with residual magic.
Nothing appears to happen.
The ball python bites your quokka but does no damage.
The ball python grabs your quokka. The ball python constricts your quokka.
Your quokka barely misses the jackal.
The ball python bites your quokka. The ball python constricts your quokka.
Magic courses through your body.
The jackal bites your quokka but does no damage.
Your quokka closely misses the jackal.
A kobold comes into view. It is wielding a +0 short sword.
The ball python bites your quokka.
Your quokka dies!
Your quokka's corpse disappears in a puff of smoke!
Casting: Summon Small Mammal (safe; 4% risk of failure)
Confirm with . or Enter, or press ? or * to list all spells.
The kobold shouts!
The jackal barely misses you. The jackal bites you.
* * * LOW HITPOINT WARNING * * *
The jackal attacks as you move away! The jackal bites you.
You die... #### ##...### .....!. #### #....# hh..

#... ...##
####.####.######.....
.......@hS...K.......
......b.h......#..#
##.###########.# #.#
#.# #.# #.# #.# #.#


You could see 2 jackals, a ball python, a kobold and a friendly bat (summoned).

Vanquished Creatures
  A bat (D:1)
1 creature vanquished.

Vanquished Creatures (collateral kills)
  2 bats (D:1)
2 creatures vanquished.

Grand Total: 3 creatures vanquished

Notes
Turn   | Place    | Note
-------+----------+-------------------------------------------
     0 | D:1      | croobank the Demigod Summoner began the quest for the Orb.
     0 | D:1      | Reached XP level 1. HP: 14/14 MP: 5/5
   154 | D:1      | Slain by a jackal

Illustrated notes

Levels and vault maps discovered:
D:1:      amcnicky_arrival_choice, layout_basic

Action                   || total
-------------------------++-------
Melee: Dagger            ||     9
       Unarmed           ||     3
 Cast: Summon Small Mamm ||    11
  Use: Potion            ||     1
Armor: Robe              ||     8
Dodge: Dodged            ||    21
